 Dungeon Crawl Stone Soup version 0.21-a0-163-g3aa3f5d (webtiles) character file.

56 4thArraOfDagon the Firebug (level 3, -5/28 HPs)
             Began as a Naga Fire Elementalist on Aug 5, 2017.
             Slain by a river rat (9 damage)
             ... on level 6 of the Dungeon.
             The game lasted 00:03:51 (531 turns).

4thArraOfDagon the Firebug (Naga Fire Elementalist)  Turns: 531, Time: 00:03:51

Health: -5/28      AC:  2    Str: 10    XL:     3   Next: 95%
Magic:  1/6        EV: 10    Int: 20    God:
Gold:   64         SH:  0    Dex: 11    Spells: 2/6 levels left

rFire    . . .     SeeInvis +   j - +0 rapier
rCold    . . .     Gourm    .   (no shield)
rNeg     . . .     Faith    .   a - +0 robe
rPois    +         Spirit   .   (no helmet)
rElec    .         Reflect  .   (no cloak)
rCorr    .         Harm     .   (no gloves)
MR       .....                  (no barding)
Stlth    ++........             (no amulet)
HPRegen  0.09/turn              g - +4 ring of intelligence
MPRegen  0.10/turn              h - ring of flight

@: very slow
A: see invisible, deformed body, poison resistance, slowness 2, slow metabolism
1, spit poison 1, AC +1
a: Spit Poison, Evoke Flight


You were on level 6 of the Dungeon.
You were not hungry.

You visited 1 branch of the dungeon, and saw 6 of its levels.

You collected 64 gold pieces.

Inventory:

Hand Weapons
 j - a +0 rapier (weapon)
Missiles
 l - a throwing net (quivered)
Armour
 a - a +0 robe (worn)
Jewellery
 g - a +4 ring of intelligence (left hand)
 h - a ring of flight (right hand)
Scrolls
 i - a scroll of remove curse
Potions
 e - a potion of curing
Books
 b - a book of Flames

   Spells                             Type                      Level
   a - Flame Tongue                   Conjuration/Fire             1
   b - Throw Flame                    Conjuration/Fire             2
   c - Conjure Flame                  Conjuration/Fire             3
   d - Inner Flame                    Hexes/Fire                   3
   e - Sticky Flame                   Conjuration/Fire             4
   f - Fireball                       Conjuration/Fire             5
Comestibles
 c - a bread ration
 d - a meat ration
 f - 7 fruits
 m - a royal jelly


   Skills:
 - Level 1.5 Dodging
 - Level 3.0 Stealth
 + Level 2.4 Spellcasting
 * Level 2.1 Conjurations
 * Level 3.9 Fire Magic


You had 2 spell levels left.
You knew the following spells:

 Your Spells              Type           Power        Failure   Level  Hunger
a - Flame Tongue          Conj/Fire      ##...        4%          1    #......
b - Conjure Flame         Conj/Fire      ##......     13%         3    ###....


Dungeon Overview and Level Annotations

Branches:
Dungeon (6/15)
 Temple: D:4-7

Altars:
Dithmenos

Shops:
D:6 }

Portals:
Sewer: D:6

Annotations:
D:5 Prince Ribbit


Innate Abilities, Weirdness & Mutations

You cannot wear boots.
Your serpentine skin is tough. (AC +1)
You have supernaturally acute eyesight. (SInv)
Armour fits poorly on your strangely shaped body.
Your system is resistant to poisons. (rPois)
You cover ground very slowly.
You have a slow metabolism.
You can spit poison.


Message History

You have got your breath back.
The river rat barely misses you.
Unknown command.
Unknown command.
Unknown command.
The river rat closely misses you.
Unknown command.
You hear the rusting of a distant drain.
You see here a throwing net.
l - a throwing net The river rat bites you but does no damage.
Throwing (i - inventory):
l - a throwing net (quivered)
Press: ? - help, Shift-Dir - straight line, f/p - river rat
Aim: a river rat (lightly wounded)
Okay, then.
Unknown command.
The river rat bites you!
* * * LOW HITPOINT WARNING * * *
The river rat bites you!
You die...

### ...# ....
....#####
≈r...(..##
≈........## #####
≈. ##.....## #.@.#
...#<......####r#.#
....†.......#..∩..#
............†.#†#.#
###.........###.#.#
##.......## #...#
##.....## #.###
#...>## #.# #.....
#.#


You could see a river rat.

Vanquished Creatures
  2 adders
  A river rat (D:6)
  2 worms (D:2)
  2 dart slugs
  An orc (D:3)
  2 giant cockroaches
  2 goblins (D:1)
  4 bats
  A frilled lizard (D:1)
  4 rats
21 creatures vanquished.

Notes
Turn   | Place    | Note
-------+----------+-------------------------------------------
     0 | D:1      | 4thArraOfDagon the Naga Fire Elementalist began the quest for the Orb.
     0 | D:1      | Reached XP level 1. HP: 15/15 MP: 3/3
    98 | D:1      | Reached XP level 2. HP: 21/22 MP: 3/5
   181 | D:1      | You fall through a shaft!
   230 | D:2      | Reached XP level 3. HP: 23/28 MP: 2/6
   276 | D:3      | Learned a level 3 spell: Conjure Flame
   277 | D:4      | Noticed an ogre
   287 | D:4      | Found a shadowy altar of Dithmenos.
   319 | D:5      | Entered Level 5 of the Dungeon
   335 | D:5      | Noticed Prince Ribbit
   374 | D:6      | Noticed an ogre
   393 | D:6      | Noticed a centaur
   457 | D:6      | Noticed a black bear
   491 | D:6      | Found a glowing drain.
   501 | D:6      | Found Luyffuiq's Gadget Shop.
   531 | D:6      | Slain by a river rat

Vault maps used:
D:1:      dpeg_arrival_pits, hangedman_feature_mirror, minivault_23,
          lexackson_kobold_supper
D:3:      nicolae_ru_sacrificial_ziggurat, uniq_robin, uniq_sigmund
D:4:      old_standard_altar, first_bread, serial_shops, kennysheep_mini_moat,
          tgw_sif
D:5:      gammafunk_temple_overflow_wave, serial_shops, shop, enter_ossuary_5,
          uniq_ijyb, uniq_prince_ribbit1
D:6:      yredelemnul_forgotten_temple_becter, kiku_gazebo_pond_becter,
          serial_shops, nicolae_shop_stone, nicolae_shop_crystal,
          portal_sewer_entry_a, minmay_holes, minmay_ogre_servants

Skill      XL: |  1  2  3 |
---------------+----------+-----
Conjurations   | 2 |  2.1
Dodging        | |  1.5
Stealth        | |  3.0
Spellcasting   | |  2.4
Fire Magic     | |  3.9

Action                   || total
-------------------------++-------
Melee: Rapier            ||     6
       Unarmed           ||     2
Throw: Throwing net      ||     2
 Cast: Flame Tongue      ||    31
 Abil: Spit Poison       ||    22
  Use: Scroll            ||     2
 Stab: Held in net/web   ||     1
Armor: Robe              ||    12
Dodge: Dodged            ||    22
